 Dungeon Sprint DCSS version 0.27.1 (webtiles) character file.

Game seed: 14127942587085048540

5853 JuniperTheExplorer the Blocker (level 11, -3/80 HPs)
             Began as a Djinni Fighter on Aug 24, 2021.
             Slain by a golden dragon (12 damage)
             ... in the Dungeon (Sprint II: "The Violet Keep of Menkaure").
             The game lasted 00:25:23 (3214 turns).

JuniperTheExplorer the Blocker (Djinni Fighter)     Turns: 3214, Time: 00:25:24

Health: -3/80      AC: 18    Str: 17    XL:     11   Next: 7%
Gold:   189        EV:  9    Int: 14    God:
                   SH: 18    Dex: 14

rFire    + + +     SeeInvis +   d - +1 trident (venom)
rCold    . . .     Faith    .   c - +0 kite shield
rNeg     . . .     Spirit   .   a - +1 chain mail of Dogma {Regen+ Int+4}
rPois    ∞         Reflect  +   (helmet restricted)
rElec    +         Harm     .   i - +2 cloak {Will+}
rCorr    +         Rampage  .   (no gloves)
Will     ++...     NoTele   +   (boots unavailable)
Stlth    ..........             b - amulet of reflection
HPRegen  1.23/turn              k - ring of see invisible
MPRegen  0.00/turn              (no ring)

@: resistant, flying
A: sickness immunity, fire resistance 2, cold vulnerability 1, float, innate
caster, hp casting, extra vitality 1, antennae 1, iridescent scales 1, frail 1
a: no special abilities


You were in the Dungeon.
You visited 1 branch You collected 1582 gold pieces.
You spent 1393 gold pieces at shops.

Inventory:

Hand Weapons
 d - a +1 trident of venom (weapon)
Armour
 a - the +1 chain mail of Dogma (worn) {Regen+ Int+4}
   (You bought it in a shop in the Dungeon)

   Int:       It affects your intelligence (+4).
   Regen:     It increases your rate of health regeneration.
 c - a +0 kite shield (worn)
 i - a +2 cloak of willpower (worn)
Jewellery
 b - an amulet of reflection (around neck)
 k - a ring of see invisible (left hand)
Scrolls
 l - a scroll of torment {unknown}
 o - a scroll of fear {unknown}
 t - a scroll of amnesia {unknown}
 w - a scroll of brand weapon {unknown}
Potions
 e - a potion of curing
 g - a potion of haste
 h - a potion of berserk rage
 p - 2 potions of resistance
 r - 3 potions of flight {unknown}
 u - a potion of ambrosia {unknown}
 v - a potion of cancellation {unknown}
 x - a potion of brilliance {unknown}
 z - a potion of lignification {unknown}


   Skills:
 + Level 11.6 Fighting
 + Level 11.5 Polearms
 + Level 11.9 Armour
 + Level 5.5 Dodging
 + Level 1.8 Stealth
 + Level 13.1 Shields


You couldn't memorise any spells.
You knew the following spells:

 Your Spells              Type           Power      Damage    Failure   Level
a - Animate Skeleton      Necr           0%         N/A       97%         1
b - Blink                 Tloc           N/A        N/A       99%         2
c - Tukima's Dance        Hex            0%         N/A       100%        3
d - Summon Ice Beast      Ice/Summ       0%         N/A       100%        4
e - Yara's Violent Unrav  Hex/Tmut       0%         3d3       100%        5
Your spell library was empty.


Dungeon Overview and Level Annotations

Branches:
Dungeon (1/1)

Altars:
Cheibriados
Dithmenos
Elyvilon
Fedhas
Gozag
Hepliaklqana
Kikubaaqudgha
Makhleb
Nemelex Xobeh
Okawaru
Qazlal
Ru
Sif Muna
Trog
Uskayaw
Vehumet
Wu Jian
Xom
Yredelemnul
Zin
The Shining One
Beogh
Jiyva
Lugonu

Shops:
D =:(=:[!=(?[[?!*

Annotations:
D exclusions: oklob plant and orange crystal statue, Roxanne


Innate Abilities, Weirdness & Mutations

You are immune to sickness and miasma.
You are immune to poison.
Your flesh is very heat resistant. (rF++)
You are vulnerable to cold. (rC-)
You float through the air rather than walking.
You learn spells naturally, not from books.
Your magical power is your life essence.
You have superior vitality. (+4 HP)
You have a pair of small antennae on your head.
You are partially covered in iridescent scales. (AC +2)
You are frail. (-10% HP)


Message History

a +0 arbalest; 9 bolts
Things that are here:
a +0 arbalest; 14 bolts The flying skull gives a hideous shriek!
You hear a hideous shriek! x3
The flying skull gives a hideous shriek! x8
The flying skull gives a hideous shriek!
There is an open door here.
You see here a +2 chain mail of poison resistance.
You reach down and close the door.
You start waiting.
A cacodemon opens the door.
Reach: d) +1 trident (venom)
Press: ? - help, Dir - move target, f - golden dragon
Aim: a golden dragon (lava, about 23% to evade your +1 trident of venom)
You reach to attack!
You puncture the golden dragon!
The golden dragon is lightly wounded.
You hit the golden dragon but do no damage.
The golden dragon is lightly wounded.
The golden dragon bites you!! You block the golden dragon's attack.
The golden dragon tramples you.
You hold your ground!
You feel protected. The golden dragon bites you!
The golden dragon claws you but does no damage.
The golden dragon tramples you but does no damage.
You hit the golden dragon.
The golden dragon is lightly wounded.
Your shield and chain mail of Dogma prevent you from hitting the golden dragon.
The golden dragon is lightly wounded.
The golden dragon bites you!! You block the golden dragon's attack.
The golden dragon tramples you but does no damage.
You hit the golden dragon.
The golden dragon is lightly wounded.
The golden dragon breathes cold at you. The bolt of cold hits you!!
* * * LOW HITPOINT WARNING * * *
You puncture the golden dragon!
The golden dragon is lightly wounded.
You block the golden dragon's attack. The golden dragon claws you!
You die...

...2##'###.##§.§.§.≈≈≈≈≈≈≈≈≈≈≈≈≈.
D.#.....####≈≈.....≈#'########§##
≈≈≈...#.2.≈≈≈≈§≈≈..≈#..._._._#≈≈§
+#≈##..##.≈≈≈≈≈≈≈≈.≈#_._._._.#§§§
)#≈≈##+.#≈≈≈≈≈≈≈≈≈≈≈#._._._._#§§§
###≈≈≈DDD≈≈≈DD≈≈≈))≈#_._._._.#≈§§
*,#+++#+++#)≈≈§§§≈≈§#._._._..#≈≈§
***≈§≈§§≈≈##≈≈≈###≈§#_._._...#≈§§
**§§§≈§§§§§##≈≈#@#≈≈#._._....#≈§§
+≈§§≈§8§§§§§+≈§#D#§≈#.._.....#≈≈§
##§§≈≈≈≈§§§##≈≈§2§≈≈##########≈≈§
*##§≈≈≈§§≈###########≈≈≈≈≈≈≈≈≈≈≈§
*∩####+####.≈zzzzz###≈########≈▓▓
*,,,,****#.§°°zzzzz##≈#,,,,,,#▓▓≈
∩,^,^,,,+.≈°°°≈○z≈≈○+≈#,,,,,,**≈≈
*******^##≈°°○°○○°○####,,,,,,+≈≈≈
,,,,,,*,,##≈≈.○.°§##***,,,,,,**≈≈


You could see a golden dragon (catching breath), a cacodemon and 11 flying
skulls.

Vanquished Creatures
  A centaur warrior (D)
  A death drake (D)
  A skeletal warrior (D)
  2 deep trolls (D)
  An elephant (D)
  A merfolk siren (D)
  A yaktaur (D)
  2 polar bears (D)
  A hornet (D)
  A slime creature (D)
  4 neqoxecs (D)
  4 water moccasins (D)
  2 swamp drakes (D)
  4 necrophages (D)
  4 scorpions (D)
  A hell rat (D)
31 creatures vanquished.

Vanquished Creatures (others)
  Kirke (D)
  A yaktaur captain (D)
  A kobold demonologist (D)
  A polar bear (D)
  2 slime creatures (D)
  Menkaure (D)
  A water moccasin (D)
  8 tentacles (D)
16 creatures vanquished.

Grand Total: 47 creatures vanquished

Notes
Turn   | Place    | Note
-------+----------+-------------------------------------------
     0 | D        | JuniperTheExplorer the Djinni Fighter began the quest for
                  | the Orb.
     0 | D        | Reached XP level 1. HP: 20/20 MP: 0/0
     1 | D        | Noticed a scorpion
     1 | D        | Noticed a scorpion
     5 | D        | Noticed a merfolk siren
     9 | D        | Killed a water moccasin
    20 | D        | Killed a merfolk siren
    21 | D        | Reached skill level 7 in Shields
    21 | D        | Reached XP level 2. HP: 32/32 MP: 0/0
    21 | D        | Reached XP level 3. HP: 37/37 MP: 0/0
    21 | D        | Learned a level 1 spell: Animate Skeleton
    21 | D        | Reached XP level 4. HP: 43/43 MP: 0/0
    21 | D        | Reached XP level 5. HP: 48/48 MP: 0/0
    21 | D        | Learned a level 2 spell: Blink
    21 | D        | Reached XP level 6. HP: 54/54 MP: 0/0
    37 | D        | Reached XP level 7. HP: 59/60 MP: 0/0
    37 | D        | Learned a level 3 spell: Tukima's Dance
    46 | D        | Reached skill level 5 in Polearms
    46 | D        | Reached skill level 8 in Shields
    91 | D        | HP: 3/60 [scorpion (8)]
   214 | D        | Killed Menkaure
   383 | D        | Found Zuvvir's Assorted Antiques.
   383 | D        | Found Bivaraek's Armour Shop.
   383 | D        | Found Veffydom's Magic Scroll Boutique.
   383 | D        | Found Siaxt's Distillery.
   383 | D        | Found Fiqir's Weapon Shop.
   383 | D        | Found Xouhohi's Antique Armour Shop.
   383 | D        | Found Qunoil's Jewellery Boutique.
   384 | D        | Found Irghoawk's Magic Scroll Shop.
   384 | D        | Found Imegin's Distillery.
   384 | D        | Found Ikkausko's Antique Armour Boutique.
   399 | D        | Reached skill level 1 in Dodging
   547 | D        | Found Liptugh's Book Shop.
   548 | D        | Found Kutouz's Jewellery Boutique.
   548 | D        | Found Fiaveny's Antique Weapon Shop.
   548 | D        | Noticed a water moccasin
   548 | D        | Noticed a great orb of eyes
   548 | D        | Noticed an oklob plant
   551 | D        | Found Jeponatyug's Book Shoppe.
   551 | D        | Found Zular's Jewellery Boutique.
   557 | D        | Killed a water moccasin
   628 | D        | Noticed a water moccasin
   628 | D        | Noticed a water moccasin
   628 | D        | Noticed a water moccasin
   646 | D        | Noticed a wyvern
   646 | D        | Noticed a wyvern
   669 | D        | Bought a glowing trident for 208 gold pieces
   691 | D        | Bought a crude chain mail for 209 gold pieces
   691 | D        | Identified the +1 chain mail of Dogma {Regen+ Int+4} (You
                  | bought it in a shop in the Dungeon)
   729 | D        | Noticed a neqoxec
   729 | D        | Noticed a neqoxec
   729 | D        | Noticed a neqoxec
   729 | D        | Noticed a neqoxec
   739 | D        | Killed a neqoxec
   740 | D        | Reached skill level 9 in Shields
   740 | D        | Reached XP level 8. HP: 59/67 MP: 0/0
   747 | D        | Gained mutation: You are partially covered in iridescent
                  | scales. (AC +2) [a neqoxec]
   751 | D        | Gained mutation: You have a pair of small antennae on your
                  | head. [a neqoxec]
   765 | D        | Gained mutation: You are frail. (-10% HP) [a neqoxec]
   878 | D        | Noticed an orange crystal statue
   910 | D        | Reached skill level 1 in Stealth
   917 | D        | Reached skill level 10 in Shields
   917 | D        | Reached XP level 9. HP: 66/66 MP: 0/0
   917 | D        | Learned a level 4 spell: Summon Ice Beast
  1002 | D        | Bought an amulet of reflection for 360 gold pieces
  1010 | D        | Bought a scroll of magic mapping for 42 gold pieces
  1029 | D        | Bought a potion of heal wounds for 50 gold pieces
  1029 | D        | Bought a potion of invisibility for 80 gold pieces
  1066 | D        | Found a stormy altar of Qazlal.
  1066 | D        | Found an ornate altar of the Wu Jian Council.
  1066 | D        | Found a glowing golden altar of the Shining One.
  1072 | D        | Found a sacrificial altar of Ru.
  1072 | D        | Found a hazy altar of Hepliaklqana.
  1072 | D        | Found a viscous altar of Jiyva.
  1080 | D        | Found a shimmering altar of Xom.
  1080 | D        | Found a bloodstained altar of Trog.
  1080 | D        | Found a basalt altar of Yredelemnul.
  1081 | D        | Found a snail-covered altar of Cheibriados.
  1081 | D        | Found a shadowy altar of Dithmenos.
  1081 | D        | Found a corrupted altar of Lugonu.
  1081 | D        | Found a hide-covered altar of Uskayaw.
  1082 | D        | Found a glowing silver altar of Zin.
  1087 | D        | Noticed a polar bear
  1096 | D        | Found a white marble altar of Elyvilon.
  1096 | D        | Found a burning altar of Makhleb.
  1114 | D        | Killed a polar bear
  1115 | D        | Reached skill level 10 in Fighting
  1122 | D        | Found a sparkling altar of Nemelex Xobeh.
  1122 | D        | Found a blossoming altar of Fedhas.
  1123 | D        | Found an iron altar of Okawaru.
  1123 | D        | Found an opulent altar of Gozag.
  1125 | D        | Noticed a hornet
  1125 | D        | Noticed a polar bear
  1125 | D        | Noticed a polar bear
  1126 | D        | Noticed a yaktaur
  1148 | D        | Killed a hornet
  1149 | D        | Reached skill level 10 in Armour
  1152 | D        | Killed a yaktaur
  1176 | D        | Killed a polar bear
  1210 | D        | Killed a polar bear
  1267 | D        | Noticed a kraken
  1317 | D        | Reached skill level 10 in Polearms
  1357 | D        | Noticed a deep troll
  1385 | D        | Noticed a deep troll
  1397 | D        | Killed a deep troll
  1398 | D        | Reached skill level 11 in Shields
  1398 | D        | Reached XP level 10. HP: 21/72 MP: 0/0
  1463 | D        | Killed a deep troll
  1709 | D        | Bought a +2 cloak of willpower for 279 gold pieces
  1750 | D        | Bought a ring of see invisible for 165 gold pieces
  1820 | D        | Noticed a death drake
  1875 | D        | Killed a death drake
  1876 | D        | Reached skill level 5 in Dodging
  1876 | D        | Reached skill level 12 in Shields
  1889 | D        | Noticed a crystal guardian
  2563 | D        | Noticed Roxanne
  2566 | D        | Noticed Kirke
  2566 | D        | Noticed a yaktaur captain
  2566 | D        | Noticed a skeletal warrior
  2597 | D        | Noticed a manticore
  2639 | D        | Killed a yaktaur captain
  2648 | D        | Noticed a lindwurm
  2650 | D        | Noticed a manticore
  2650 | D        | Killed Kirke
  2719 | D        | Killed a skeletal warrior
  2848 | D        | Noticed a kobold demonologist
  2879 | D        | Noticed an orange demon
  2896 | D        | Noticed a soul eater
  2900 | D        | Noticed a sun demon
  2911 | D        | HP: 2/74 [sun demon[a kobold demonologist] (4)]
  2915 | D        | Killed a kobold demonologist
  3025 | D        | Noticed a centaur warrior
  3051 | D        | Killed a centaur warrior
  3052 | D        | Reached skill level 13 in Shields
  3052 | D        | Reached XP level 11. HP: 26/79 MP: 0/0
  3052 | D        | Learned a level 5 spell: Yara's Violent Unravelling
  3127 | D        | Noticed an elephant
  3149 | D        | Killed an elephant
  3162 | D        | Noticed a golden dragon
  3162 | D        | Noticed a cacodemon
  3164 | D        | Noticed a storm dragon
  3214 | D        | Slain by a golden dragon

Illustrated notes

Levels and vault maps discovered:
D:        the_violet_keep_of_menkaure [sprint2_stairs_cluster_1,
          sprint2_shoproom, sprint2_temple, sprint2_basic_supplies,
          sprint2_obstacle_4, sprint2_obstacle_1, sprint2_obstacle_6,
          sprint2_obstacle_3, sprint2_obstacle_7, sprint2_timed_cluster_1,
          sprint2_smallroom_cluster_1, sprint2_smallroom_final_cluster_1,
          sprint2_transparent_cluster_1, sprint2_second_timed_cluster_1,
          sprint2_sniper_area_1, sprint2_heavy_combat_area_1,
          sprint2_mutation_trap_area_1, sprint2_forest_area_1,
          sprint2_light_combat_area_1, sprint2_behind_water_1,
          sprint2_near_end_vault_1]

Skill      XL: |  1  2  3  4  5  6  7  8  9 10 |
---------------+-------------------------------+-----
Fighting       | 8 9 10 11 | 11.6
Polearms       | 4 6 8 10 11 | 11.5
Armour         | 7 8 9 10 11 | 11.9
Shields        | 7 9 10 11 13 | 13.1
Dodging        | 2 3 4 5 |  5.5
Stealth        | 1 |  1.8

Action                   |  1- 3 |  4- 6 |  7- 9 | 10-12 || total
-------------------------+-------+-------+-------+-------++-------
Melee: Trident           |    13 |     5 |   197 |   143 ||   358
  Use: Potion            |     1 |       |     1 |     6 ||     8
       Scroll            |       |       |     2 |     4 ||     6
Armor: Scale mail        |       |     3 |     8 |       ||    11
       Chain mail        |       |       |    41 |    48 ||    89
Dodge: Dodged            |       |       |    50 |    39 ||    89
Block: Kite shield       |     2 |     2 |   140 |   128 ||   272
       Reflection        |       |       |     1 |     7 ||     8
